 Dungeon Crawl Stone Soup version 0.31.0-32-g396128a36d (webtiles) character file.

Game seed: 8620986807803201972

10342 mainiacjoe the Summoner (level 11, -4/120 HPs)
             Began as an Octopode Summoner on Mar 30, 2024.
             Was an Elder of Kikubaaqudgha.
             Slain by a soul eater (9 damage)
             ... summoned by a kobold demonologist
             ... on level 10 of the Dungeon.
             The game lasted 00:44:30 (13897 turns).

mainiacjoe the Summoner (Octopode Summoner)        Turns: 13897, Time: 00:44:31

Health: -4/120     AC:  1    Str: 14      XL:     11   Next: 60%
Magic:  0/16       EV: 16    Int: 21      God:    Kikubaaqudgha [****..]
Gold:   262        SH:  0    Dex: 11 (13) Spells: 3/16 levels left

rFire   . . .        F - +3 trident (drain)
rCold   . . .        k - orb {light}
rNeg    . . .        (helmet restricted)
rPois   .            j - amulet of guardian spirit
rElec   .            n - +6 ring of strength
rCorr   .            c - ring of willpower
SInv    .            (no ring)
Will    +....        (no ring) Stlth
                     (no ring)
HPRegen 0.40/turn    (no ring)
MPRegen 0.15/turn    (no ring)
                     (no ring)

%: guardian spirit
@: berserking, glowing, inugami summoned, very quick
A: almost no armour, amphibious, 8 rings, camouflage 1, gelatinous body 1,
(nimble swimmer 1), tentacles
a: Renounce Religion, Unearth Wretches


You were on level 10 of the Dungeon.
You worshipped Kikubaaqudgha.
Kikubaaqudgha was greatly pleased with you.
You visited 2 branches of the dungeon, and saw 11 of its levels.
You also visited: Bailey.

You collected 566 gold pieces.
You spent 304 gold pieces at shops.

Inventory:

Hand Weapons
 a - a +1 rapier
 b - a +0 sling
 w - a +2 dagger of venom
 A - the +0 dagger "Dragon's Tongue" {spect, rF++ rN+}
   (You found it in a bailey)

   rF++:      It greatly protects you from fire.
   rN+:       It protects you from negative energy.
 B - a +0 broad axe
 C - a +1 glaive of venom
 F - a +3 trident of draining (weapon)
 H - a +2 trident of venom
Missiles
 i - 8 javelins
 m - 112 stones
 t - 8 curare-tipped darts {=F}
 v - 68 poisoned darts
 x - 14 boomerangs
 y - 4 atropa-tipped darts {=F}
 z - 8 datura-tipped darts {=F}
Armour
 k - an orb of light (worn)
 E - a +0 kite shield
 G - an orb of mayhem
 I - a +1 kite shield of reflection
Magical Staves
 s - a staff of death
Jewellery
 c - a ring of willpower (right tentacle)
 j - an amulet of guardian spirit (around mantle)
 n - a +6 ring of strength (left tentacle)
Wands
 g - a wand of quicksilver (1)
 J - a wand of iceblast (4)
Scrolls
 o - 2 scrolls of teleportation
 q - 4 scrolls of fog
 K - 2 scrolls of identify
 L - a scroll of fear
Potions
 d - 2 potions of lignification
 e - 2 potions of cancellation
 f - a potion of magic
 h - 3 potions of curing
 p - a potion of invisibility
 r - 4 potions of attraction
 u - a potion of resistance {unknown}
 D - 2 potions of mutation


   Skills:
 + Level 9.4 Fighting
 - Level 10.0 Dodging
 - Level 4.9 Stealth
 - Level 3.3 Spellcasting
 - Level 10.0 Summonings
 - Level 4.0 Fire Magic
 - Level 5.0 Air Magic


You had 3 spell levels left.
You knew the following spells:

 Your Spells              Type           Power      Damage    Failure   Level
a - Summon Lightning Spi  Summ/Air       35%        N/A       6%          4
b - Call Imp              Summ           90%        N/A       1%          2
c - Call Canine Familiar  Summ           45%        N/A       1%          3
d - Summon Blazeheart Go  Fire/Summ      32%        N/A       7%          4

Your spell library contained the following spells:

 Spells                   Type           Power      Damage    Failure   Level
 Summon Small Mammal      Summ           100%       N/A       1%          1
 Cigotuvi's Dreadful Rot  Necr/Alch/Air  20%        N/A       10%         2
 Apportation              Tloc           6%         N/A       13%         1
 Necrotise                Necr           12%        1d4       13%         1
 Sting                    Conj/Alch      12%        1d3       13%         1
 Sublimation of Blood     Necr           3%         N/A       19%         2
 Fugue of the Fallen      Necr           3%         N/A       36%         3
 Martyr's Knell           Necr/Summ      24%        N/A       16%         4
 Summon Cactus Giant      Summ           22%        N/A       32%         6
 Summon Forest            Summ/Tloc      12%        N/A       41%         5
 Summon Mana Viper        Hex/Summ       24%        N/A       41%         5
 Ignite Poison            Fire/Alch      11%        N/A       50%         4
 Sticky Flame             Fire/Alch      11%        2d5       50%         4
 Anguish                  Hex/Necr       1%         N/A       77%         4
 Dispel Undead            Necr           3%         3d7       77%         4
 Curse of Agony           Necr           3%         N/A       98%         5
 Orb of Destruction       Conj           1%         9d5       100%        7
 Spellforged Servitor     Conj/Summ      12%        N/A       100%        7
 Ignition                 Fire           10%        3d5       100%        8


Dungeon Overview and Level Annotations

Branches:
Dungeon (10/15)            Temple (1/1) D:5            Lair (0/5) D:9
 Bailey (visited)
    Orc: D:9-12

Altars:
Ashenzari
Cheibriados
Dithmenos
Elyvilon
Fedhas
Gozag
Hepliaklqana
Kikubaaqudgha
Makhleb
Nemelex Xobeh
Okawaru
Qazlal
Ru
Sif Muna
Trog
Uskayaw
Vehumet
Wu Jian
Xom
Yredelemnul
Zin
The Shining One

Shops:
D:3 *!   D:6 [   D:10 ?

Annotations:
D:3 exclusion: bombardier beetle
D:5 1 runed translucent door, tdove's ghost, novice OpFi
D:9 Erolcha
D:10 Urug


Innate Abilities, Weirdness & Mutations

You cannot wear most types of armour.
You are amphibious.
You can wear up to eight rings at the same time.
Your skin changes colour to match your surroundings (Stealth+).
Your rubbery body absorbs attacks. (AC +1, EV +1)
((You are camouflaged when in or above water. (Stealth+)))
You have tentacles for arms and can constrict up to eight enemies at once.


Message History

You feel drained.
* * * LOW HITPOINT WARNING * * *
Your inugami barely misses the kobold demonologist.
Okay, then.
The ufetubus completely misses your blazeheart core. x2
The quasit misses you. The quasit claws you.
* * * LOW HITPOINT WARNING * * *
The quasit claws you.
* * * LOW HITPOINT WARNING * * *
You feel clumsy.
Your blazeheart core explodes!
The fiery explosion engulfs the kobold brigand!!
You kill the kobold brigand!
Kikubaaqudgha accepts your kill.
The fiery explosion engulfs the ufetubus!!!
The ufetubus is burned terribly!
You kill the ufetubus!
The ufetubus disappears in a puff of smoke!
The fiery explosion engulfs the soul eater but does no damage.
The fiery explosion engulfs the kobold demonologist!!
You kill the kobold demonologist!
Kikubaaqudgha accepts your kill.
The quasit disappears in a puff of smoke!
The kobold demonologist gestures wildly while chanting.
Your cerulean imp completely misses the kobold demonologist.
Your inugami hits the ice devil but does no damage.
Your life force feels restored.
Training target 10.0 for Dodging reached!
Your Dodging skill increases to level 10!
A red film seems to cover your vision as you go berserk!
You feel yourself moving faster!
You feel mighty! The soul eater misses you.
Your cerulean imp hits the kobold demonologist from afar with a +0 spear.
Your inugami hits the ice devil but does no damage.
The ice devil is engulfed in blazing flames.
You hit the soul eater but do no damage.
Your grab misses the soul eater.
The kobold demonologist mumbles some strange words.
The soul eater hits you!
You die...
Kikubaaqudgha rasps: "You have failed me!
Welcome... death!"

#.[[.........
#...(........ #####
#..)......... #8...
#............ #....
#....h5......5#...#
#..§°○5......K5..)#
#..)4K5......K#..8#
#§.○○5§...... #.4..
. #§@3.........
#...#
..##........####
#.... ............#
#8... .<..........#
#####
#..###.......#
#..#... ....
#.......# #..#...
... ... #.......#
#..#... ...
...###..# #.......#
#..#... ..# #..#
#..# #.......#
#..#...


You could see a soul eater (summoned, ally target), an ice devil (summoned), a
kobold demonologist (ally target), a crimson imp (summoned), a white imp
(summoned), a shadow imp (summoned), a friendly cerulean imp (summoned) and a
friendly inugami (summoned).

Vanquished Creatures
  A two-headed ogre (D:5)
  An elephant (D:9)
  2 kobold demonologists (D:10)
  A troll (D:10)
  A shadow (D:10)
  4 yaks
  3 vampire mosquitoes (D:10)
  A water moccasin (D:9)
  An orc warrior (Bailey)
  2 ogres
  A centaur (D:10)
  5 kobold brigands
  A bullfrog (D:6)
  2 scorpions
  A gnoll sergeant (D:9)
  6 wights
  2 killer bees (D:8)
  A nameless horror (D:10)
  2 howler monkeys (D:8)
  A bombardier beetle (D:5)
  A hound (D:5)
  A sleepcap (D:6)
  2 orc wizards (D:7)
  8 gnolls
  4 adders
  A white imp (D:6)
  2 ufetubi (D:6)
  2 dart slugs (D:2)
  An orc (D:9)
  4 ball pythons
  A bat (D:3)
  An endoplasm (D:1)
  A giant cockroach (D:3)
  4 goblins
  A hobgoblin (D:3)
  5 jackals
  2 quokkas
  2 frilled lizards
  20 kobolds
  4 rats
106 creatures vanquished.

Vanquished Creatures (collateral kills)
  Pikel (D:6)
  Jeremiah (D:9)
  2 kobold demonologists (D:10)
  A komodo dragon (D:10)
  A troll (D:10)
  A hornet (D:8)
  A yak (D:8)
  2 wyverns (D:9)
  2 basilisks (D:9)
  A vampire mosquito (D:10)
  A steam dragon (D:10)
  Menkaure (D:6)
  Edmund (D:5)
  2 ice beasts
  2 orc warriors (Bailey)
  3 centaurs
  2 lemures (D:6)
  10 kobold brigands
  2 gnoll sergeants (D:10)
  3 scorpions (D:5)
  6 wights
  A killer bee (D:8)
  2 howler monkeys
  2 hounds
  3 orc priests
  A gnoll bouda (D:5)
  5 iguanas
  2 sleepcaps
  3 orc wizards
  10 gnolls
  4 adders
  2 shadow imps
  A white imp (D:7)
  A ribbon worm (D:2)
  2 dart slugs (D:4)
  16 orcs
  4 endoplasms
  3 giant cockroaches
  4 goblins
  4 hobgoblins
  3 jackals
  33 kobolds
  A quokka (D:5)
  4 ball pythons
  3 bats (D:1)
  A frilled lizard (D:1)
  3 rats (D:1)
164 creatures vanquished.

Vanquished Creatures (others)
  A human (D:3)
  A gnoll (D:4)
  2 adders (D:4)
  An orc (D:4)
  18 blazeheart cores
23 creatures vanquished.

Grand Total: 293 creatures vanquished

Notes
Turn   | Place    | Note
-------+----------+-------------------------------------------
     0 | D:1      | mainiacjoe the Octopode Summoner began the quest for the
                  | Orb.
     0 | D:1      | Reached XP level 1. HP: 11/11 MP: 3/3
   283 | D:1      | Reached XP level 2. HP: 17/17 MP: 0/5
   287 | D:1      | Learned a level 2 spell: Call Imp
  1047 | D:1      | Reached XP level 3. HP: 21/21 MP: 1/6
  1072 | D:1      | Learned a level 3 spell: Call Canine Familiar
  1751 | D:2      | Reached XP level 4. HP: 25/27 MP: 4/7
  2308 | D:3      | Found a hide-covered altar of Uskayaw.
  2578 | D:3      | Found an ancient bone altar of Kikubaaqudgha.
  2580 | D:3      | Noticed a human
  2581 | D:3      | Killed a human
  2633 | D:3      | Found Fyomm's Assorted Antiques.
  2641 | D:3      | Bought a scroll of identify for 46 gold pieces
  2641 | D:3      | Bought a scroll labelled KELYB TAIHY for 23 gold pieces
  2641 | D:3      | Bought a scroll of teleportation for 69 gold pieces
  2641 | D:3      | Bought a bubbling yellow potion for 20 gold pieces
  2751 | D:3      | Found Qogupesa's Distillery.
  2869 | D:3      | Bought a potion of degeneration for 14 gold pieces
  3122 | D:3      | Became a worshipper of Kikubaaqudgha
  3295 | D:4      | Found a shimmering altar of Xom.
  3380 | D:4      | Reached XP level 5. HP: 26/31 MP: 0/9
  4030 | D:4      | Reached XP level 6. HP: 36/36 MP: 4/10
  4527 | D:5      | Entered Level 5 of the Dungeon
  4584 | D:3      | Bought a potion of attraction for 42 gold pieces
  4648 | D:5      | Noticed a two-headed ogre
  4681 | D:4      | Learned a level 4 spell: Summon Blazeheart Golem
  4728 | D:5      | Found an ornate altar of the Wu Jian Council.
  4814 | D:5      | Noticed an ice beast
  4867 | D:5      | Found a runed translucent door.
  4869 | D:5      | Noticed tdove's ghost (novice OpFi)
  4882 | D:5      | Reached skill level 5 in Summonings
  4884 | D:5      | Reached skill level 1 in Fire Magic
  4999 | D:5      | Killed a two-headed ogre
  5000 | D:5      | Reached XP level 7. HP: 13/41 MP: 3/11
  5000 | D:5      | Reached XP level 8. HP: 15/46 MP: 3/12
  5204 | D:5      | Reached * piety under Kikubaaqudgha
  5204 | D:5      | Received a gift from Kikubaaqudgha
  5821 | D:5      | Found a staircase to the Ecumenical Temple.
  5832 | Temple   | Entered the Ecumenical Temple
  6208 | D:5      | Noticed Edmund
  6225 | D:5      | Killed Edmund
  6631 | D:6      | Noticed Menkaure
  6642 | D:6      | Killed Menkaure
  6643 | D:6      | Reached skill level 10 in Summonings
  6643 | D:6      | Reached skill level 1 in Air Magic
  6643 | D:6      | Reached XP level 9. HP: 35/51 MP: 1/13
  6648 | D:6      | Learned a level 4 spell: Summon Lightning Spire
  6794 | D:6      | Noticed Pikel
  6811 | D:6      | Killed Pikel
  6818 | D:6      | Reached ** piety under Kikubaaqudgha
  7050 | D:6      | Reached skill level 5 in Air Magic
  7203 | D:6      | Reached skill level 1 in Fighting
  7267 | D:6      | Found Zivocsaf's Armour Boutique.
  7724 | D:7      | Reached skill level 5 in Dodging
  7775 | D:7      | Found a white marble altar of Elyvilon.
  7892 | D:7      | Found a flagged portal.
  7901 | Bailey   | Entered a bailey
  7931 | Bailey   | Reached *** piety under Kikubaaqudgha
  7931 | Bailey   | Received a gift from Kikubaaqudgha
  7976 | Bailey   | Reached XP level 10. HP: 57/63 MP: 8/15
  8195 | Bailey   | Reached skill level 5 in Fighting
  8330 | Bailey   | Found a bloodstained altar of Trog.
  8346 | Bailey   | Identified the +0 dagger "Dragon's Tongue" {spect, rF++
                  | rN+}
  8473 | D:7      | Found a shimmering blue altar of Sif Muna.
 10552 | D:9      | Noticed Erolcha
 10965 | D:9      | Found a basalt altar of Yredelemnul.
 10965 | D:9      | Found a sparkling altar of Nemelex Xobeh.
 11070 | D:9      | Found a glowing golden altar of the Shining One.
 11147 | D:9      | Found a stormy altar of Qazlal.
 11195 | D:9      | Noticed Jeremiah
 11216 | D:9      | Killed Jeremiah
 11333 | D:9      | Found a staircase to the Lair.
 11333 | D:9      | Noticed an elephant
 11349 | D:9      | Reached XP level 11. HP: 75/75 MP: 12/16
 11755 | D:10     | Entered Level 10 of the Dungeon
 11764 | D:10     | Reached **** piety under Kikubaaqudgha
 12649 | D:10     | Noticed Urug
 13175 | D:10     | Found The Oracle's Delphic Readings.
 13187 | D:10     | Bought a scroll of identify for 30 gold pieces
 13187 | D:10     | Bought a scroll of fear for 60 gold pieces
 13760 | D:10     | Found a shadowy altar of Dithmenos.
 13887 | D:10     | Noticed a soul eater
 13895 | D:10     | HP: 3/77 [quasit[a kobold demonologist] (1)]
 13896 | D:10     | Reached skill level 10 in Dodging
 13897 | D:10     | Slain by a soul eater

Illustrated notes

Levels and vault maps discovered:
D:1:      evilmike_arrival_fibonacci_small, layout_loops_ring
D:2:      layout_rooms, minivault_24
D:3:      layout_basic, nicolae_overflow_crystal_walls, tgw_kikubaaqudgha,
          serial_shops, nicolae_shop_rolling_square, nicolae_shop_waterfront,
          nrook_campfire, nrook_loot_triangle, eino_tiny_chamber,
          serial_bayou_pond_c
D:4:      layout_basic, xom_confusion_cloud, st_stairs_12, bh_walls_and_bars
D:5:      layout_cave_pods, mainiacjoe_overflow_alcove_4,
          minmay_temple_entry_crystal_x, ebering_ghost_sewer_d, uniq_edmund
D:6:      layout_basic, serial_shops, nicolae_shop_advertising_works
          [nicolae_subvault_shop_adworks], uniq_menkaure, uniq_pikel
D:7:      layout_layer_cave, led_sif_book, elyvilon_altar_3, enter_bailey_2
D:8:      layout_rooms
D:9:      layout_loops_ring, grunt_qazlal_sundering,
          gammafunk_temple_overflow_claw, david_lair_generic, uniq_erolcha,
          uniq_jeremiah
D:10:     layout_long_grid, grunt_dithmenos_shadows, serial_bayou_pond_c,
          nicolae_nh_oracle_at_delphi, uniq_urug
Temple:   bh_familiar_temple

Skill      XL: |  1  2  3  4  5  6  7  8  9 10 11 |
---------------+----------------------------------+-----
Stealth        | 3 4 |  4.9
Dodging        | 3 5 8 10 | 10.0
Spellcasting   | 3 |  3.3
Summonings     | 7 10 | 10.0
Fire Magic     | 3 4 |  4.0
Air Magic      | 1 5 |  5.0
Fighting       | 3 7 9 |  9.4

Action                     |  1- 3 |  4- 6 |  7- 9 | 10-12 || total
---------------------------+-------+-------+-------+-------++-------
  Melee: Unarmed           |     3 |       |       |       ||     3
         Tentacles         |     5 |     8 |    19 |    40 ||    72
         Whip              |     9 |       |       |       ||     9
         Constrict         |     7 |    12 |    25 |    23 ||    67
         Rapier            |     8 |    48 |    57 |    36 ||   149
         Punch             |       |     1 |     1 |     2 ||     4
         Trident           |       |       |       |    77 ||    77
   Fire: Sling             |       |       |       |    13 ||    13
  Throw: Javelin           |       |     1 |       |       ||     1
   Cast: Summon Small Mamm |    35 |     5 |     2 |     2 ||    44
         Call Imp          |    19 |    17 |    17 |     6 ||    59
         Call Canine Famil |     1 |    14 |    20 |     9 ||    44
         Summon Blazeheart |       |       |    12 |    17 ||    29
         Summon Lightning  |       |       |    10 |    23 ||    33
  Evoke: Wand              |       |     2 |       |     2 ||     4
    Use: Scroll            |     5 |     8 |     2 |     4 ||    19
         Potion            |       |       |       |     6 ||     6
   Stab: Sleeping          |       |     2 |     1 |     3 ||     6
         Distracted        |       |     1 |       |     1 ||     2
 Armour: Skin              |    16 |    16 |    54 |   119 ||   205
  Dodge: Dodged            |    23 |    33 |    78 |   181 ||   315
